 Dungeon Crawl Stone Soup version 0.17.0-73-gb648821 (webtiles) character file.

288 PossumBlood the Shield-Bearer (level 6, -1/49 HPs)
             Began as a Formicid Fighter on Dec 9, 2015.
             Killed from afar by an orc wizard (5 damage)
             ... with a puff of frost
             ... on level 4 of the Dungeon.
             The game lasted 00:10:30 (4173 turns).

PossumBlood the Shield-Bearer (Formicid Fighter)    Turns: 4173, Time: 00:10:30

Health: -1/49      AC:  7    Str: 28    XL:     6   Next: 57%
Magic:  6/6        EV:  8    Int:  7    God:
Gold:   131        SH: 10    Dex: 10    Spells: 0 memorised, 5 levels left

rFire  . . .     SeeInvis +     a - +0 long sword
rCold  . . .     Clarity  .     b - +0 scale mail
rNeg   . . .     SustAt   .     c - +0 shield
rPois  .         Gourm    .     (helmet unavailable)
rElec  .         Spirit   .     (no cloak)
rCorr  .         Warding  .     (no gloves)
rMut   +         Stasis   +     (no boots)
MR     .....                    t - amulet of resist mutation
Stlth  ..........               (no ring)
                                (no ring)

@: mighty, lethally poisoned (-1 -> -8), not resistant to hostile enchantments,
extremely unstealthy
A: permanent stasis, dig shafts and tunnels, four strong arms, antennae 3
a: Dig, Shaft Self


You were on level 4 of the Dungeon.
You were not hungry.

You visited 1 branch of the dungeon, and saw 4 of its levels.

You collected 131 gold pieces.

Inventory:

Hand Weapons
 a - a +0 long sword (weapon)
Missiles
 g - 4 tomahawks (quivered)
Armour
 b - a +0 scale mail (worn)
 c - a +0 shield (worn)
Jewellery
 s - an uncursed amulet of clarity
 t - an amulet of resist mutation (around neck)
Wands
 n - a wand of slowing (48)
Scrolls
 e - 2 scrolls of identify
 f - 2 scrolls of recharging
 i - a scroll of teleportation {unknown}
 o - 2 scrolls of random uselessness
 q - a scroll of remove curse
Potions
 j - a potion of brilliance {unknown}
 k - a potion of curing {unknown}
 l - a potion of cure mutation {unknown}
 p - 2 potions of poison
 r - a potion of heal wounds {unknown}
Comestibles
 h - 2 meat rations
 m - 2 bread rations


   Skills:
 + Level 4.4 Fighting
 * Level 4.2 Long Blades
 + Level 4.4 Armour
 + Level 4.9 Shields


You had 5 spell levels left.
You didn't know any spells.

Dungeon Overview and Level Annotations

Branches:
Dungeon (4/15)
 Temple: D:4-7

Altars:
Ashenzari
Sif Muna
Trog
Xom
The Shining One


Innate Abilities, Weirdness & Mutations

You are under a permanent stasis effect.
You can dig through walls and to a lower floor.
Your four strong arms can wield two-handed weapons with a shield.
You have a pair of large antennae on your head (SInv).


Message History

The orc wizard gestures at you while chanting.
The magic dart hits you! You block the orc wizard's attack.
The orc hits you but does no damage. The orc barely misses you.
The orc wizard hits you but does no damage.
The orc wizard barely misses you. The orc barely misses you.
You slice the orc wizard!!
You kill the orc wizard!
You feel sick. You block the orc wizard's attack. The orc hits you.
* * * LOW HITPOINT WARNING * * *
The orc hits you but does no damage. You block the orc wizard's attack.
Your shield and scale mail prevent you from hitting the orc wizard.
You feel sick.
The orc wizard points at you and mumbles some strange words.
The magic dart hits you!
* * * LOW HITPOINT WARNING * * *
You block the orc's attack. The orc hits you with a dagger.
* * * LOW HITPOINT WARNING * * *
The orc wizard gestures at you while chanting.
The puff of frost hits you!
You die...

## #.# . #.# #
#. #.#.#
#.##.#.#
.###....#.#
..........###.#
?.....oo).....#
#..o@#
#.##....#
######


You could see an orc wizard and 2 orcs.

Vanquished Creatures
  The ghost of Vayl the Charmwright, an amateur HESk (D:3)
  2 orc wizards
  A worker ant (D:2)
  4 adders (D:2)
  2 oozes (D:2)
  2 worms (D:2)
  14 orcs (D:3)
  A ball python (D:2)
  2 giant cockroaches
  7 goblins
  12 hobgoblins
  3 kobolds (D:3)
  A quokka (D:3)
  9 bats
  4 giant geckos
  4 giant newts
  7 rats
76 creatures vanquished.

Notes
Turn   | Place    | Note
--------------------------------------------------------------
     0 | D:1      | PossumBlood the Formicid Fighter began the quest for the Orb.
     0 | D:1      | Reached XP level 1. HP: 18/18 MP: 1/1
   233 | D:1      | Reached XP level 2. HP: 22/24 MP: 2/2
   880 | D:1      | Reached XP level 3. HP: 25/29 MP: 3/3
  1187 | D:2      | Reached skill level 4 in Shields
  1317 | D:2      | Found a shattered altar of Ashenzari.
  1317 | D:2      | Found a bloodstained altar of Trog.
  1515 | D:2      | Reached XP level 4. HP: 25/35 MP: 4/4
  1936 | D:2      | Found a shimmering altar of Xom.
  2058 | D:2      | Found a deep blue altar of Sif Muna.
  2083 | D:2      | Reached XP level 5. HP: 31/42 MP: 5/5
  2450 | D:2      | Found a glowing golden altar of the Shining One.
  3482 | D:3      | Found a faded altar to an unknown god.
  3808 | D:3      | Reached XP level 6. HP: 48/48 MP: 6/6
  3818 | D:3      | Noticed Vayl's ghost (amateur HESk)
  3844 | D:3      | Killed Vayl's ghost
  4173 | D:4      | Killed from afar by an orc wizard

Action                   |  1- 3 |  4- 6 || total
-------------------------+-------+-------++-------
Melee: Long sword        |   114 |   253 ||   367
  Use: Scroll            |       |     6 ||     6
       Potion            |       |     1 ||     1
  Eat: Bread ration      |     1 |       ||     1
       Meat ration       |       |     1 ||     1
       Pizza             |       |     1 ||     1
